Map: Rorschach LE

Players

ViBE - Winner!

  • Race: Zerg Zerg
  • League: Master

Zonedout

  • Race: Terran Terran
  • League: Bronze

VOD

Have the link to the VOD?

Description

Time

  • Played on: Oct. 13, 2026, 9:38 p.m.
  • Length: 10:42
Show
View Real Time Build Order
Export as new Build Order

ViBE Zerg - Winner!

Build Orders: Hatch First 

Get SALT Encoding   

  12  0:00  Drone  
  13  0:12  Overlord  
  13  0:17  Drone  
  14  0:30  Drone  
  14  0:31  Drone  
  16  0:37  Drone  
  17  0:52  Hatchery  
  17  0:53  Drone  
  18  0:57  Drone  
  18  1:10  Spawning Pool  
  17  1:13  Drone  
  17  1:17  Drone  
  19  1:28  Drone  
  20  1:38  Overlord  
  20  1:43  Extractor  
  19  1:54  Drone  
  19  1:58  Queen  
  22  2:02  Drone  
  22  2:05  Queen  
  22  2:08  Drone  
  26  2:15  Drone x2  
  26  2:22  Drone  
  29  2:26  Drone  
  30  2:33  Overlord  
  30  2:38  Drone  
  30  2:41  Queen  
  33  2:45  Drone  
  33  2:49  Lair  
  33  2:50  Overlord  
  34  2:54  Drone  
  34  2:57  Drone  
  36  3:04  Drone  
  37  3:06  Drone  
  37  3:07  Drone x2  
  37  3:08  Drone  
  41  3:13  Drone x3  
  41  3:17  Roach Warren  
  43  3:22  Drone  
  43  3:23  Drone  
  45  3:28  Extractor x2  
  45  3:31  Drone x2  
  45  3:38  Hatchery  
  44  3:43  Overlord  
  44  3:44  Overlord  
  44  3:45  Drone  
  44  3:46  Drone x2  
  47  3:52  Drone x2  
  49  3:56  Glial Reconstitution  
  49  3:58  Roach  
  49  3:59  Overlord  
  51  4:05  Roach  
  51  4:06  Roach  
  51  4:09  Roach  
  57  4:13  Roach x2  
  57  4:15  Roach  
  63  4:21  Drone x4  
  67  4:26  Queen  
  69  4:36  Drone x3  
  72  4:42  Hydralisk Den, Drone x4  
  75  4:46  Evolution Chamber  
  75  4:48  Evolution Chamber  
  75  4:51  Drone x4  
  77  4:55  Drone x2  
  77  4:56  Extractor  
  78  5:06  Drone  
  80  5:07  Drone x2  
  80  5:11  Extractor  
  80  5:12  Extractor  
  79  5:15  Overlord x2  
  79  5:22  Hatchery  
  79  5:23  Zerg Missile Weapons Level 1, Zerg Ground Armor Level 1  
  79  5:24  Grooved Spines  
  79  5:28  Drone x3  
  79  5:29  Drone  
  79  5:33  Overlord  
  79  5:35  Drone x3  
  85  5:41  Drone x2  
  85  5:42  Drone x3  
  90  5:54  Hydralisk x3  
  90  5:55  Hydralisk  
  98  5:58  Overlord x2  
  98  5:59  Overlord x2  
  98  6:04  Hydralisk  
  98  6:05  Hydralisk x2  
  98  6:06  Hydralisk  
  106  6:11  Overlord  
  106  6:14  Muscular Augments  
  106  6:18  Hydralisk x4  
  106  6:19  Hydralisk  
  116  6:30  Hydralisk x2  
  120  6:34  Drone x10  
  130  6:42  Drone x4  
  134  6:47  Drone x3  
  134  6:52  Overlord  
  137  7:02  Hatchery  
  137  7:03  Extractor  
  137  7:04  Hydralisk x4, Extractor  
  142  7:11  Infestation Pit  
  142  7:14  Hydralisk x8  
  157  7:16  Overlord  
  157  7:18  Overlord  
  157  7:33  Hydralisk  
  157  7:35  Overlord x3  
  159  7:43  Zerg Ground Armor Level 2, Zerg Missile Weapons Level 2  
  159  7:48  Hive, Hydralisk  
  159  7:49  Hydralisk x5  
  159  7:50  Drone  
  172  7:51  Hydralisk  
  172  7:53  Hydralisk  
  176  8:00  Hydralisk  
  176  8:01  Hydralisk x2  
  176  8:02  Hydralisk  
  184  8:10  Hydralisk  
  184  8:11  Hydralisk x3  
  192  8:20  Hydralisk x4  
  198  9:09  Hydralisk  
Show
View Real Time Build Order
Export as new Build Order

Zonedout Terran 

Build Orders: Command Center First 

Get SALT Encoding   

  12  0:02  SCV  
  13  0:14  SCV  
  14  0:26  SCV  
  15  0:38  Supply Depot  
  15  0:54  Supply Depot  
  15  0:59  SCV  
  16  1:11  SCV  
  17  1:22  Command Center  
  17  1:23  Supply Depot, SCV  
  18  1:46  SCV  
  19  1:54  Barracks  
  19  1:58  SCV  
  20  2:05  Supply Depot  
  20  2:17  SCV  
  21  2:29  SCV  
  22  2:41  SCV  
  23  2:53  SCV  
  23  2:54  SCV  
  23  2:57  Marine  
  26  3:00  Command Center  
  26  3:05  SCV  
  27  3:06  SCV  
  28  3:13  Supply Depot  
  28  3:15  Marine  
  28  3:16  Supply Depot  
  29  3:32  Marine  
  30  3:48  Barracks  
  30  4:15  SCV x3  
  33  4:26  Marine  
  33  4:27  SCV x2  
  37  4:36  Orbital Command  
  36  4:39  SCV  
  36  4:44  Marine  
  38  4:56  Command Center  
  38  5:02  Marine  
  38  5:05  Command Center  
  39  5:20  Marine  
  40  6:00  SCV x2  
  40  6:01  SCV  
  43  6:12  SCV  
  43  6:13  SCV x2  
  43  6:14  Barracks  
  46  6:18  Barracks  
  46  6:21  Refinery  
  46  6:23  Refinery  
  46  6:24  SCV  
  46  6:25  SCV, Refinery  
  48  6:28  Refinery  
  48  6:31  SCV x3  
  51  6:37  SCV x2  
  53  6:43  SCV x2  
  53  6:47  Barracks  
  55  6:50  Barracks  
  55  7:08  SCV  
  55  7:09  SCV x4  
  60  7:21  SCV x4  
  64  7:37  Marine x6  
  70  7:53  Engineering Bay  
  70  7:54  Marine  
  70  7:55  Marine x5  
  70  7:56  Engineering Bay  
  76  8:12  Marine  
  76  8:13  Marine x5  
  76  8:19  Refinery  
  82  8:22  Refinery  
  82  8:24  Refinery  
  82  8:25  Refinery  
  82  8:30  Refinery, Marine  
  82  8:31  Marine x5  
  88  8:36  Terran Infantry Weapons Level 1  
  88  8:37  Terran Infantry Armor Level 1  
  88  8:48  Marine x3  
  88  8:49  Marine x3  
Tags
 
Add a new tag
Caveats
  • Supply blocks, unpowered buildings, or Contaminate may cause inaccurate times.
  • Supply counts are checked every 10 seconds.